 Dungeon Crawl Stone Soup version 0.25-a0-571-gb5e01bddfa (webtiles) character file.

Game seed: 15831940066993936096, levelgen mode: deterministic

33678 ReteAZ the Blocker (level 13, -4/103 (104) HPs)
             Began as a Gnoll Fighter on Feb 29, 2020.
             Was a High Priest of Cheibriados.
             Slain by a komodo dragon (10 damage)
             ... while petrified by a basilisk
             ... on level 4 of the Lair of Beasts.
             The game lasted 00:30:17 (16683 turns).

ReteAZ the Blocker (Gnoll Fighter)                 Turns: 16683, Time: 00:30:17

HP:   -4/103 (104)  AC: 23    Str: 31    XL:     13   Next: 72%
MP:   0/25          EV:  2    Int: 29    God:    Cheibriados [*****.]
Gold: 984           SH:  0    Dex: 28    Spells: 28/28 levels left

rFire    . . .     SeeInvis .   v - +2 scimitar (flame)
rCold    . . .     Gourm    .   o - +1 kite shield
rNeg     + + +     Faith    .   G - +0 crystal plate armour
rPois    ∞         Spirit   +   h - +0 helmet
rElec    .         Reflect  .   O - scarf {Spirit}
rCorr    .         Harm     .   (no gloves)
MR       .....                  X - +0 pair of boots
Stlth    ..........             U - amulet of magic regeneration
HPRegen  0.27/turn              k - +3 ring of evasion
MPRegen  0.44/turn              i - +2 ring of slaying

@: petrified, slowed, very slow
A: distributed training, fangs 1, strong nose
a: Bend Time, Temporal Distortion, Slouch, Step From Time, Renounce Religion


You were on level 4 of the Lair of Beasts.
You worshipped Cheibriados.
Cheibriados was extremely pleased with you.
You were hungry.

You visited 3 branches of the dungeon, and saw 17 of its levels.

You collected 984 gold pieces.

Inventory:

Hand Weapons
 a - the +2 mace of Patience {pain, *Slow rElec rPois}
   (You found it on level 9 of the Dungeon)

   In the hands of one skilled in necromantic magic, it inflicts extra damage on
   living creatures.
   It insulates you from electricity.
   It protects you from poison.
   It may slow you when you take damage.
 b - the +5 hunting sling of Red Wine {venom, rPois MP-9 Int+3}
   (You found it on level 11 of the Dungeon)

   It poisons the ammo it fires.
   It affects your intelligence (+3).
   It protects you from poison.
   It affects your magic capacity (-9).
 v - a +2 scimitar of flaming (weapon)
Missiles
 H - 17 boomerangs
 J - 2 silver boomerangs
 K - a throwing net
 P - 2 silver javelins (quivered)
 Q - 69 sling bullets
Armour
 c - a +0 leather armour
 h - a +0 helmet (worn)
 n - a +2 scale mail of cold resistance
 o - a +1 kite shield (worn)
 G - a +0 crystal plate armour (worn)
 O - a scarf of spirit shield (worn)
 X - a +0 pair of boots (worn)
Magical Staves
 E - a cursed staff of power {unknown}
Jewellery
 i - a +2 ring of slaying (right hand)
 k - a +3 ring of evasion (left hand)
 w - an uncursed ring of magical power
 x - a +4 ring of intelligence
 U - an amulet of magic regeneration (around neck)
 Y - an uncursed ring of protection from fire {unknown}
Wands
 p - a wand of scattershot (6)
 q - a wand of digging (9)
 B - a wand of acid (25)
 C - a wand of enslavement (7)
 D - a wand of iceblast (4)
 Z - a wand of flame (15)
Scrolls
 e - 3 scrolls of magic mapping
 j - 2 scrolls of immolation
 r - 2 scrolls of amnesia
 t - 3 scrolls of remove curse
 u - 6 scrolls of teleportation
 y - 3 scrolls of fog
 L - 7 scrolls of identify
 M - a scroll of brand weapon {unknown}
 N - a scroll of fear
 R - 3 scrolls of vulnerability {unknown}
 S - a scroll of enchant weapon {unknown}
Potions
 f - 2 potions of magic
 g - 5 potions of curing
 l - 5 potions of haste
 m - a potion of flight
 s - 3 potions of degeneration
 z - 3 potions of invisibility
 A - 2 potions of might
 F - 2 potions of resistance
 I - 2 potions of cancellation
 W - 2 potions of brilliance {unknown}
Miscellaneous
 T - a tin of tremorstones
Comestibles
 d - 38 rations


   Skills:
 + Level 10.6 Fighting
 + Level 8.4 Short Blades
 + Level 8.4 Long Blades
 + Level 8.4 Axes
 + Level 8.4 Maces & Flails
 + Level 8.4 Polearms
 + Level 8.4 Staves
 + Level 8.4 Slings
 + Level 8.4 Bows
 + Level 8.4 Crossbows
 + Level 8.4 Throwing
 + Level 10.6 Armour
 + Level 8.4 Dodging
 + Level 8.4 Stealth
 + Level 10.6 Shields
 + Level 9.6 Unarmed Combat
 + Level 8.4 Spellcasting
 + Level 7.0 Conjurations
 + Level 7.0 Hexes
 + Level 7.0 Charms
 + Level 7.0 Summonings
 + Level 7.0 Necromancy
 + Level 7.0 Translocations
 + Level 7.0 Transmutations
 + Level 7.0 Fire Magic
 + Level 7.0 Ice Magic
 + Level 7.0 Air Magic
 + Level 7.0 Earth Magic
 + Level 7.0 Poison Magic
 + Level 9.2 Invocations
 + Level 8.4 Evocations


You had 28 spell levels left.
You didn't know any spells.
Your spell library contained the following spells:

 Spells                   Type           Power        Failure   Level  Hunger
 Foxfire                  Conj/Fire      ####         10%         1    None
 Conjure Flame            Conj/Fire      ######..     28%         3    None
 Inner Flame              Hex/Fire       ######..     28%         3    None
 Sticky Flame             Conj/Fire      ######..     67%         4    #......
 Fireball                 Conj/Fire      ######....   95%         5    ####...


Dungeon Overview and Level Annotations

Branches:
Dungeon (12/15)            Temple (1/1) D:6            Lair (4/6) D:10
  Snake (0/4) Lair:2          Orc (0/2) D:10
  Swamp: Lair:2-4    Shoals: Lair:2-4

Altars:
Ashenzari
Cheibriados
Dithmenos
Elyvilon
Fedhas
Gozag
Hepliaklqana
Kikubaaqudgha
Makhleb
Nemelex Xobeh
Okawaru
Qazlal
Ru
Sif Muna
Trog
Uskayaw
Vehumet
Wu Jian
Xom
Yredelemnul
Zin
The Shining One

Shops:
D:12 *

Annotations:
D:4 3 runed translucent doors, Delarado's ghost, amateur OpFi
D:12 1 runed translucent door, Ylaov's ghost, journeyman DECj
Lair:1 2 transporters


Innate Abilities, Weirdness & Mutations

Your experience applies equally to all skills.
You have very sharp teeth.
Your uncanny sense of smell can sniff out nearby items.


Message History

You easily resist.
The komodo dragon bites you!
* * * LOW HITPOINT WARNING * * *
The eight-headed hydra bites you!
* * * LOW HITPOINT WARNING * * *
The eight-headed hydra bites you.
* * * LOW HITPOINT WARNING * * *
The eight-headed hydra bites you but does no damage. x2
The eight-headed hydra bites you!
* * * LOW HITPOINT WARNING * * *
The eight-headed hydra bites you but does no damage.
The eight-headed hydra bites you.
* * * LOW HITPOINT WARNING * * *
The eight-headed hydra bites you but does no damage.
The three-headed hydra bites you but does no damage.
The three-headed hydra bites you!
* * * LOW HITPOINT WARNING * * *
The three-headed hydra bites you but does no damage.
The komodo dragon bites you!!
You die...

..≈ ≈≈.# .# ≈≈.≈#
.#. ≈≈. ...# .≈.
### ....#
#.####.##†..P. #
#............
≈≈≈≈#.<.llD((....
..≈......D@lw.†...
.....#.#.P###.....
.........## ...
....###P+P # ...
#.. .. .. ##. ..
#. ..# #. ..#


You could see an eight-headed hydra, a three-headed hydra, a torpor snail, 2
komodo dragons and a basilisk.

Vanquished Creatures
  3 hydras
  Erica (D:8)
  A catoblepas (Lair:2)
  An ogre mage (D:12)
  7 two-headed ogres
  An unseen horror (D:11)
  An ugly thing (D:12)
  4 black mambas
  Psyche (D:8)
  A centaur skeleton (D:12)
  5 spiny frogs
  A rime drake (Lair:4)
  5 komodo dragons
  8 trolls
  2 dream sheep (Lair:4)
  A hornet (D:11)
  4 hippogriffs
  8 blink frogs
  Prince Ribbit (D:6)
  Sigmund (D:2)
  A wyvern (D:10)
  2 wraiths
  28 yaks
  Eustachio (D:4)
  2 basilisks
  4 vampire mosquitoes (D:12)
  4 nagas (Lair:2)
  11 water moccasins
  5 porcupines
  An orc warrior (D:10)
  4 sky beasts
  2 black bears
  An eye of draining (D:12)
  A phantom (D:7)
  A necrophage (D:11)
  6 ogres
  3 centaurs
  8 wolves (Lair:2)
  10 crocodiles
  2 big kobolds (D:10)
  12 bullfrogs
  Blork the orc (D:4)
  A wyvern zombie (D:12)
  A water moccasin zombie (D:11)
  A wyvern skeleton (D:12)
  4 scorpions
  9 killer bees
  4 wights (D:11)
  3 crimson imps
  3 howler monkeys
  2 bullfrog zombies
  3 centaur zombies
  4 hounds
  7 jellies
  8 orc priests
  3 bullfrog skeletons
  8 orc wizards
  2 iguanas
  7 worker ants
  A hound skeleton (D:5)
  A howler monkey zombie (D:11)
  A worker ant zombie (D:11)
  4 gnolls (D:6)
  15 adders
  A shadow imp (D:10)
  An ooze (D:3)
  An adder zombie (D:9)
  2 adder skeletons
  5 worms
  2 dart slugs (D:1)
  7 leopard geckos
  71 orcs
  2 ball pythons
  4 giant cockroaches
  10 goblins
  8 hobgoblins
  11 jackals
  5 quokkas
  A ball python skeleton (D:4)
  6 bats
  4 frilled lizards
  A jackal skeleton (D:6)
  13 kobolds
  2 quokka skeletons
  A rat (D:3)
417 creatures vanquished.

Vanquished Creatures (others)
  An adder (D:8)
  A fungus (Lair:2)
2 creatures vanquished.

Grand Total: 419 creatures vanquished

Notes
Turn   | Place    | Note
-------+----------+-------------------------------------------
     0 | D:1      | ReteAZ the Gnoll Fighter began the quest for the Orb.
     0 | D:1      | Reached XP level 1. HP: 23/23 MP: 1/1
   275 | D:1      | Reached XP level 2. HP: 29/29 MP: 2/2
   775 | D:2      | Found an iron altar of Okawaru.
   801 | D:2      | Reached XP level 3. HP: 32/35 MP: 3/3
   887 | D:2      | Reached skill level 1 in Invocations
  1225 | D:2      | Found a radiant altar of Vehumet.
  1318 | D:2      | Noticed Sigmund
  1698 | D:2      | Found a glowing silver altar of Zin.
  1753 | D:2      | Killed Sigmund
  1753 | D:2      | Reached skill level 1 in Short Blades
  1753 | D:2      | Reached skill level 1 in Long Blades
  1753 | D:2      | Reached skill level 1 in Axes
  1753 | D:2      | Reached skill level 1 in Maces & Flails
  1753 | D:2      | Reached skill level 1 in Polearms
  1753 | D:2      | Reached skill level 1 in Staves
  1753 | D:2      | Reached skill level 1 in Slings
  1753 | D:2      | Reached skill level 1 in Bows
  1753 | D:2      | Reached skill level 1 in Crossbows
  1753 | D:2      | Reached skill level 1 in Throwing
  1753 | D:2      | Reached skill level 1 in Dodging
  1753 | D:2      | Reached skill level 1 in Stealth
  1753 | D:2      | Reached skill level 1 in Spellcasting
  1753 | D:2      | Reached skill level 1 in Conjurations
  1753 | D:2      | Reached skill level 1 in Hexes
  1753 | D:2      | Reached skill level 1 in Charms
  1753 | D:2      | Reached skill level 1 in Summonings
  1753 | D:2      | Reached skill level 1 in Necromancy
  1753 | D:2      | Reached skill level 1 in Translocations
  1753 | D:2      | Reached skill level 1 in Transmutations
  1753 | D:2      | Reached skill level 1 in Fire Magic
  1753 | D:2      | Reached skill level 1 in Ice Magic
  1753 | D:2      | Reached skill level 1 in Air Magic
  1753 | D:2      | Reached skill level 1 in Earth Magic
  1753 | D:2      | Reached skill level 1 in Poison Magic
  1753 | D:2      | Reached skill level 1 in Evocations
  1753 | D:2      | Reached XP level 4. HP: 12/41 MP: 4/6
  1753 | D:2      | Reached XP level 5. HP: 14/47 MP: 4/7
  2158 | D:2      | Found a sparkling altar of Nemelex Xobeh.
  2167 | D:2      | Reached XP level 6. HP: 47/53 MP: 8/8
  2595 | D:3      | Found a white marble altar of Elyvilon.
  2609 | D:3      | Found an ornate altar of the Wu Jian Council.
  2707 | D:3      | Reached skill level 5 in Unarmed Combat
  2961 | D:3      | Reached XP level 7. HP: 46/59 MP: 10/10
  3608 | D:4      | Found a shadowy altar of Dithmenos.
  3657 | D:4      | Noticed Blork the orc
  3723 | D:4      | Killed Blork the orc
  3916 | D:4      | Found a runed translucent gate.
  3917 | D:4      | Found a runed translucent gate.
  3917 | D:4      | Noticed Delarado's ghost (amateur OpFi)
  3918 | D:4      | Found a runed translucent gate.
  3942 | D:4      | Noticed Eustachio
  4033 | D:4      | Killed Eustachio
  4345 | D:4      | Reached XP level 8. HP: 27/67 MP: 5/12
  4600 | D:4      | Found a burning altar of Makhleb.
  4924 | D:5      | Entered Level 5 of the Dungeon
  5151 | D:5      | Found an opulent altar of Gozag.
  5323 | D:5      | Found an ancient bone altar of Kikubaaqudgha.
  5661 | D:6      | Noticed Prince Ribbit
  5679 | D:6      | Killed Prince Ribbit
  5891 | D:6      | Reached XP level 9. HP: 62/72 MP: 10/14
  5944 | D:6      | Found a staircase to the Ecumenical Temple.
  5973 | Temple   | Entered the Ecumenical Temple
  6012 | Temple   | Became a worshipper of Cheibriados the Contemplative
  6625 | D:7      | Reached * piety under Cheibriados
  6688 | D:7      | Found a basalt altar of Yredelemnul.
  7221 | D:7      | Found a basalt altar of Yredelemnul.
  7297 | D:7      | Reached ** piety under Cheibriados
  7356 | D:7      | Found a hazy altar of Hepliaklqana.
  7678 | D:8      | Noticed Erica
  7983 | D:8      | Noticed Psyche
  8051 | D:8      | Killed Erica
  8051 | D:8      | Reached skill level 5 in Invocations
  8051 | D:8      | Reached XP level 10. HP: 25/80 MP: 11/17
  8389 | D:8      | Killed Psyche
  8389 | D:8      | Reached skill level 5 in Short Blades
  8389 | D:8      | Reached skill level 5 in Long Blades
  8389 | D:8      | Reached skill level 5 in Axes
  8389 | D:8      | Reached skill level 5 in Maces & Flails
  8389 | D:8      | Reached skill level 5 in Polearms
  8389 | D:8      | Reached skill level 5 in Staves
  8389 | D:8      | Reached skill level 5 in Slings
  8389 | D:8      | Reached skill level 5 in Bows
  8389 | D:8      | Reached skill level 5 in Crossbows
  8389 | D:8      | Reached skill level 5 in Throwing
  8389 | D:8      | Reached skill level 5 in Dodging
  8389 | D:8      | Reached skill level 5 in Stealth
  8389 | D:8      | Reached skill level 5 in Spellcasting
  8389 | D:8      | Reached skill level 5 in Evocations
  8413 | D:8      | Noticed a two-headed ogre
  8441 | D:8      | Found a glowing golden altar of the Shining One.
  8441 | D:8      | Found a shattered altar of Ashenzari.
  8470 | D:8      | Noticed a two-headed ogre
  8487 | D:8      | Killed a two-headed ogre
  8687 | D:8      | Killed a two-headed ogre
  9054 | D:9      | Noticed a two-headed ogre
  9071 | D:9      | Killed a two-headed ogre
  9075 | D:9      | Got a polished mace
  9076 | D:9      | Identified the +2 mace of Patience {pain, *Slow rElec
                  | rPois} (You found it on level 9 of the Dungeon)
  9544 | D:9      | Reached XP level 11. HP: 87/87 MP: 19/19
  9711 | D:10     | Entered Level 10 of the Dungeon
  9729 | D:10     | Found a staircase to the Orcish Mines.
  9733 | D:10     | Reached *** piety under Cheibriados
  9823 | D:10     | Found a staircase to the Lair.
  9988 | D:10     | Reached **** piety under Cheibriados
 10167 | D:10     | Noticed an eight-headed hydra
 10185 | D:10     | Killed a five-headed hydra
 10185 | D:10     | Reached skill level 5 in Conjurations
 10185 | D:10     | Reached skill level 5 in Hexes
 10185 | D:10     | Reached skill level 5 in Charms
 10185 | D:10     | Reached skill level 5 in Summonings
 10185 | D:10     | Reached skill level 5 in Necromancy
 10185 | D:10     | Reached skill level 5 in Translocations
 10185 | D:10     | Reached skill level 5 in Transmutations
 10185 | D:10     | Reached skill level 5 in Fire Magic
 10185 | D:10     | Reached skill level 5 in Ice Magic
 10185 | D:10     | Reached skill level 5 in Air Magic
 10185 | D:10     | Reached skill level 5 in Earth Magic
 10185 | D:10     | Reached skill level 5 in Poison Magic
 11255 | D:11     | Paralysed by a hornet for 2 turns
 11259 | D:11     | Reached ***** piety under Cheibriados
 12135 | D:11     | Killed an unseen horror
 12194 | D:11     | Got a dazzling hunting sling
 12195 | D:11     | Identified the +5 hunting sling of Red Wine {venom, rPois
                  | MP-9 Int+3} (You found it on level 11 of the Dungeon)
 12884 | D:11     | Reached XP level 12. HP: 95/95 MP: 12/22
 13006 | D:12     | Noticed an ogre mage
 13010 | D:12     | Noticed a two-headed ogre
 13012 | D:12     | Killed an ogre mage
 13013 | D:12     | Noticed a two-headed ogre
 13016 | D:12     | Noticed a two-headed ogre
 13021 | D:12     | Killed a two-headed ogre
 13046 | D:11     | Killed a two-headed ogre
 13327 | D:12     | Found a runed translucent door.
 13333 | D:12     | Noticed Ylaov's ghost (journeyman DECj)
 13334 | D:12     | Noticed a two-headed ogre
 13342 | D:12     | Killed a two-headed ogre
 13426 | D:12     | Noticed a five-headed hydra
 13433 | D:12     | Killed a five-headed hydra
 13433 | D:12     | Reached ****** piety under Cheibriados
 13479 | D:12     | Killed a two-headed ogre
 13831 | D:12     | Found Mibbex's Assorted Antiques.
 14165 | Lair:1   | Entered Level 1 of the Lair of Beasts
 14191 | Lair:1   | Found a transporter.
 14225 | Lair:1   | Found a transporter.
 14479 | Lair:1   | Reached skill level 10 in Fighting
 14479 | Lair:1   | Reached skill level 10 in Armour
 14479 | Lair:1   | Reached skill level 10 in Shields
 15002 | Lair:2   | Noticed a catoblepas
 15013 | Lair:2   | Killed a catoblepas
 15049 | Lair:2   | Reached XP level 13. HP: 102/102 MP: 15/24
 15383 | Lair:2   | Found a staircase to the Snake Pit.
 16683 | Lair:4   | Slain by a komodo dragon

Levels and vault maps discovered:
D:1:      dpeg_arrival_solitude, layout_basic, st_stairs_7
D:2:      layout_loops_corners, old_standard_altar, fiery_altar_vehumet,
          okawaru_ov_weapons_minmay, nemelex_xobeh_ov_fountains_minmay,
          st_stairs_3, uniq_sigmund
D:3:      layout_basic, old_standard_altar, elyvilon_altar_4
D:4:      layout_loops_ring, old_standard_altar, gammafunk_ghost_split,
          serial_rivers, chequers_serial_rivers_small_b,
          chequers_serial_rivers_room_a, chequers_serial_rivers_micro_a,
          chequers_serial_rivers_micro_d, grunt_dithmenos_smoke_and_mirrors,
          uniq_eustachio, uniq_blork_the_orc
D:5:      layout_loops_ring, overflow_temple_1_default,
          lemuel_coloured_pillars_altar, first_ration
D:6:      layout_cave_pools, minmay_temple_entry_stoned_glass,
          uniq_prince_ribbit1
D:7:      layout_basic, marbit_many_paths, overflow_temple_1_default,
          basic_altar
D:8:      layout_rooms, chequers_temple_overflow_statue_of_worship, uniq_psyche,
          uniq_erica
D:9:      layout_grid_maze
D:10:     layout_roguey, lair_entry_dummy, hiddenorc2_lemuel, grunt_ogre_cave
D:11:     layout_loops_cross, minivault_25
D:12:     layout_rooms, serial_shops, shop_coins, ebering_ghost_reflecting_pool
Temple:   jpeg_temple_island
Lair:1:   gammafunk_cloud_chamber, layout_regular_city
Lair:2:   layout_long_grid, minmay_snake_entry_guardpost_small
Lair:3:   layout_regular_city, st_stairs_7, grunt_megastairs_2
Lair:4:   layout_regular_city, elwin_shoals_entry_rocks, grunt_megastairs_3

Skill      XL: |  1  2  3  4  5  6  7  8  9 10 11 12 13 |
---------------+----------------------------------------+-----
Invocations    | 1 2 3 4 5 6 7 8 9 |  9.2
Short Blades   | 1 2 3 4 5 6 7 8 |  8.4
Long Blades    | 1 2 3 4 5 6 7 8 |  8.4
Axes           | 1 2 3 4 5 6 7 8 |  8.4
Maces & Flails | 1 2 3 4 5 6 7 8 |  8.4
Polearms       | 1 2 3 4 5 6 7 8 |  8.4
Staves         | 1 2 3 4 5 6 7 8 |  8.4
Slings         | 1 2 3 4 5 6 7 8 |  8.4
Bows           | 1 2 3 4 5 6 7 8 |  8.4
Crossbows      | 1 2 3 4 5 6 7 8 |  8.4
Throwing       | 1 2 3 4 5 6 7 8 |  8.4
Dodging        | 1 2 3 4 5 6 7 8 |  8.4
Stealth        | 1 2 3 4 5 6 7 8 |  8.4
Spellcasting   | 1 2 3 4 5 6 7 8 |  8.4
Conjurations   | 1 2 3 4 5 6 7 |  7.0
Hexes          | 1 2 3 4 5 6 7 |  7.0
Charms         | 1 2 3 4 5 6 7 |  7.0
Summonings     | 1 2 3 4 5 6 7 |  7.0
Necromancy     | 1 2 3 4 5 6 7 |  7.0
Translocations | 1 2 3 4 5 6 7 |  7.0
Transmutations | 1 2 3 4 5 6 7 |  7.0
Fire Magic     | 1 2 3 4 5 6 7 |  7.0
Ice Magic      | 1 2 3 4 5 6 7 |  7.0
Air Magic      | 1 2 3 4 5 6 7 |  7.0
Earth Magic    | 1 2 3 4 5 6 7 |  7.0
Poison Magic   | 1 2 3 4 5 6 7 |  7.0
Evocations     | 1 2 3 4 5 6 7 8 |  8.4
Unarmed Combat | 5 6 7 8 9 |  9.6
Fighting       | 7 8 9 10 | 10.6
Armour         | 7 8 9 10 | 10.6
Shields        | 7 8 9 10 | 10.6

Action                   |  1- 3 |  4- 6 |  7- 9 | 10-12 | 13-15 || total
-------------------------+-------+-------+-------+-------+-------++-------
Melee: Unarmed           |   119 |   183 |   581 |   105 |       ||   988
       Bite              |    11 |    21 |    73 |   126 |    49 ||   280
       Mace              |       |       |       |   498 |   176 ||   674
       Scimitar          |       |       |       |    11 |     6 ||    17
 Fire: Hunting sling     |       |       |       |   132 |    40 ||   172
Throw: Throwing net      |       |       |     1 |       |       ||     1
Invok: Slouch            |       |       |       |       |     5 ||     5
Evoke: Wand              |       |       |     6 |    13 |       ||    19
  Use: Potion            |     1 |       |     6 |       |       ||     7
       Scroll            |       |       |    17 |     2 |     1 ||    20
 Stab: Held in net/web   |       |       |     1 |       |       ||     1
       Paralysed         |       |       |       |     3 |       ||     3
  Eat: Chunk             |     2 |     5 |    14 |    13 |     3 ||    37
Armor: Scale mail        |    38 |    47 |   137 |       |       ||   222
       Crystal plate arm |       |       |   122 |   344 |   137 ||   603
Dodge: Dodged            |    32 |    46 |   150 |   320 |   112 ||   660
Block: Kite shield       |    49 |    81 |   301 |   578 |   180 ||  1189
       Rpst.: Scimitar   |       |       |       |     1 |       ||     1

Table legend:
 A = Non-vault XP
 B = Vault XP
 C = Vault XP percentage of total XP
 D = Non-vault monster count
 E = Vault monster count
 F = Vault count percentage of total count
                 A         B        C        D         E       F
            +---------+---------+-------+---------+---------+-------
      Total |   43714 |    4398 |   9.1 |     364 |      53 |  12.7
            +---------+---------+-------+---------+---------+-------
        D:1 |      23 |       2 |   8.0 |      10 |       2 |  16.7
        D:2 |     143 |     224 |  61.0 |      19 |       3 |  13.6
        D:3 |     266 |       0 |   0.0 |      46 |       0 |   0.0
        D:4 |     502 |     284 |  36.1 |      28 |       2 |   6.7
        D:5 |     407 |       0 |   0.0 |      13 |       0 |   0.0
        D:6 |     849 |     251 |  22.8 |      14 |       1 |   6.7
        D:7 |    1047 |       0 |   0.0 |      32 |       0 |   0.0
        D:8 |    2311 |    1362 |  37.1 |      10 |       2 |  16.7
        D:9 |    1563 |       0 |   0.0 |      15 |       0 |   0.0
       D:10 |    3676 |     493 |  11.8 |      28 |      33 |  54.1
       D:11 |    6284 |       0 |   0.0 |      39 |       0 |   0.0
       D:12 |    8426 |       0 |   0.0 |      31 |       0 |   0.0
     Lair:1 |    1789 |       0 |   0.0 |       9 |       0 |   0.0
     Lair:2 |    6867 |     655 |   8.7 |      29 |       4 |  12.1
     Lair:3 |    6237 |     576 |   8.5 |      24 |       4 |  14.3
     Lair:4 |    3324 |     551 |  14.2 |      17 |       2 |  10.5
            +---------+---------+-------+---------+---------+-------
